AoeStats
← LordSandwich

Fortress

509448010Analyzed
3v3 RM · 6d ago on Sep 26, 2026· 53m 1s· 6 players
Game mode
Random Map
Map size
Large (8 player)
Population
200
Speed
Normal
Resources
Standard
Victory
Conquest
Starting age
Dark Age
Ending age
Imperial Age
RankedLock teamsTeams togetherTeam positionsShared explorationLock speedFull tech treeHidden civsTurbo modeCheats
Victory
Defeat
🇨🇱 Ethiopians · Chile
1654
+4
🇨🇱 Saxons · Chile
1373
+12
🇲🇽 Mongols · Mexico
1194
+19
🇬🇧 Turks · United Kingdom
1311
-13
🇬🇧 Danes · United Kingdom
1307
-11
🇬🇧 Mongols · United Kingdom
1289
-11
Song Jin-Woo
7:46 Feudal Age
9:17 Horse Collar
11:44 Castle Age
9:52 Double-Bit Axe
13:42 Bow Saw
15:09 Heavy Plow
17:22 Town Watch
17:49 Loom
18:13 Scale Mail Armor
19:44 Wheelbarrow
21:12 Hand Cart
21:57 Town Patrol
23:25 Gold Mining
23:31 Stone Mining
26:34 Imperial Age
24:53 Chain Mail Armor
25:34 Fletching
26:46 Bodkin Arrow
27:04 Forging
27:25 Onager
29:28 Plate Mail Armor
29:35 Conscription
30:01 Iron Casting
31:38 Gold Shaft Mining
32:26 Blast Furnace
35:20 Siege Engineers
38:08 Elite Jomsviking
38:13 Hamask
40:32 Stone Shaft Mining
41:26 Elite Skirmisher
42:12 Thumb Ring
41:55 Heavy Mounted Crossbowman
41:55 Cranequins
43:34 Bodkin Arrow
44:07 Padded Archer Armor
45:29 Leather Archer Armor
45:55 Bracer
45:18 Northmen's Fury
48:48 Ring Archer Armor
51:17 Chemistry
50:38 Ballistics
LordSandwich
9:38 Feudal Age
13:20 Castle Age
11:17 Double-Bit Axe
11:15 Horse Collar
16:38 Imperial Age
14:39 Bow Saw
15:58 Padded Archer Armor
22:03 Leather Archer Armor
28:50 Heavy Plow
30:23 Loom
35:17 Ring Archer Armor
37:01 Wheelbarrow
36:12 Town Watch
37:29 Two-Man Saw
37:14 Elite Janissary
39:09 Bloodlines
39:27 Scale Barding Armor
40:10 Husbandry
40:45 Chain Barding Armor
46:16 Plate Barding Armor
SmnRndm
8:22 Feudal Age
12:16 Castle Age
13:07 Double-Bit Axe
13:13 Horse Collar
13:57 Bow Saw
13:57 Fletching
17:51 Loom
19:03 Wheelbarrow
21:35 Hand Cart
22:15 Heavy Plow
23:36 Thumb Ring
25:14 Ballistics
27:29 Imperial Age
25:23 Husbandry
25:33 Bloodlines
25:24 Bodkin Arrow
26:07 Padded Archer Armor
28:33 Conscription
27:56 Onager
29:10 Drill
29:01 Bracer
29:16 Leather Archer Armor
30:15 Elite Mangudai
31:06 Siege Engineers
32:13 Conscription
32:56 Chemistry
33:39 Siege Onager
33:47 Capped Ram
35:02 Parthian Tactics
34:45 Siege Ram
Parenquima
8:18 Feudal Age
12:21 Castle Age
10:12 Double-Bit Axe
10:27 Horse Collar
13:31 Bow Saw
13:40 Heavy Plow
18:59 Wheelbarrow
18:34 Stone Mining
19:29 Town Watch
20:04 Gold Mining
20:45 Fletching
20:55 Padded Archer Armor
22:02 Hand Cart
21:44 Loom
22:17 Bodkin Arrow
24:53 Gold Shaft Mining
26:05 Husbandry
26:16 Bloodlines
28:47 Imperial Age
27:32 Padded Archer Armor
28:55 Leather Archer Armor
28:47 Thumb Ring
30:05 Conscription
29:15 Elite Mangudai
31:15 Bracer
31:54 Ballistics
34:52 Fortified Wall
35:43 Chemistry
34:56 Fortified Wall
36:39 Coinage
37:47 Caravan
38:10 Sappers
39:22 Hoardings
39:41 Parthian Tactics
39:53 Siege Engineers
39:59 Masonry
39:44 Murder Holes
43:34 Banking
44:30 Scale Barding Armor
44:35 Forging
44:31 Scale Barding Armor
44:36 Forging
46:32 Chain Barding Armor
46:48 Iron Casting
45:42 Light Cavalry
47:18 Hussar
49:52 Blast Furnace
Al Ghouti
8:32 Feudal Age
9:29 Arson
9:42 Horse Collar
9:48 Double-Bit Axe
12:26 Castle Age
11:49 Forging
14:26 Squires
17:45 Loom
19:08 Redemption
19:44 Scale Mail Armor
22:19 Chain Mail Armor
24:36 Chain Mail Armor
24:10 Gambesons
24:41 Clerical Recruitment
26:13 Elite Skirmisher
26:46 Fletching
28:50 Ballistics
28:37 Padded Archer Armor
30:12 Bodkin Arrow
32:24 Iron Casting
35:24 Imperial Age
34:02 Masonry
34:04 Fortified Wall
33:35 Treadmill Crane
35:09 Leather Archer Armor
37:12 Wheelbarrow
36:50 Capped Ram
38:11 Bracer
38:42 Ring Archer Armor
39:14 Chemistry
38:09 Shield Wall
39:10 Conscription
39:37 Thumb Ring
40:07 Elite Hearth Troop
41:19 Plate Mail Armor
41:35 Pikeman
44:26 Caravan
43:59 Siege Ram
47:09 Careening
47:07 Siege Engineers
46:38 Light Cavalry
47:29 Bloodlines
47:26 Hussar
48:06 Husbandry
48:13 Scale Barding Armor
51:32 Chain Barding Armor
51:54 Hand Cart
51:24 Town Watch
HR | Darkjosh89
7:05 Feudal Age
10:47 Castle Age
8:40 Double-Bit Axe
8:39 Horse Collar
13:27 Bow Saw
13:18 Heavy Plow
19:08 Wheelbarrow
22:58 Imperial Age
20:56 Fletching
21:06 Padded Archer Armor
20:52 Crossbowman
22:18 Hand Cart
21:50 Loom
21:54 Town Watch
22:24 Bodkin Arrow
23:33 Ballistics
24:06 Coinage
24:48 Chemistry
23:53 Bracer
24:13 Gold Mining
24:16 Stone Mining
25:51 Banking
25:36 Arbalester
29:12 Stone Shaft Mining
28:49 Torsion Engines
32:33 Thumb Ring
33:00 Siege Engineers
33:12 Leather Archer Armor
34:48 Fortified Wall
34:48 Masonry
37:23 Caravan
37:51 Elite Shotel Warrior
38:41 Scale Mail Armor
38:52 Forging
40:00 Chain Mail Armor
40:07 Conscription
45:08 Plate Mail Armor
45:13 Iron Casting
45:09 Ring Archer Armor
44:32 Onager
47:33 Siege Onager
51:23 Squires
Connection lost

Rejoining the realm…

Still unreachable

The connection could not be restored.

Session expired

The server has moved on; the page needs a fresh start.